 Dungeon Crawl Stone Soup version 0.20.0-8-g6b59dc7 (webtiles) character file.

633 RKaid the Sneak (level 7, -6/32 HPs)
             Began as a Spriggan Enchanter on May 31, 2017.
             Mangled by an ogre
             ... wielding a +0 giant club
              (27 damage)
             ... on level 4 of the Dungeon.
             The game lasted 00:18:05 (7009 turns).

RKaid the Sneak (Spriggan Enchanter)                Turns: 7009, Time: 00:18:05

Health: -6/32      AC:  3    Str:  5    XL:     7   Next: 24%
Magic:  14/14      EV: 18    Int: 18    God:
Gold:   172        SH:  0    Dex: 16    Spells: 5/14 levels left

rFire    . . .     SeeInvis +   b - +0 hunting sling
rCold    . . .     Gourm    .   (shield restricted)
rNeg     . . .     Faith    .   y - +1 robe
rPois    .         Spirit   .   (helmet restricted)
rElec    .         Reflect  .   (no cloak)
rCorr    .         Harm     .   (gloves unavailable)
MR       +....                  (boots unavailable)
Stlth    ++++......             (no amulet)
Regen    0.1/turn               (no ring)
MPRegen  0.2/turn               (no ring)

@: very quick
A: unfitting armour, see invisible, herbivore 3, speed 3, slow metabolism 2
a: no special abilities


You were on level 4 of the Dungeon.
You were hungry.

You visited 1 branch of the dungeon, and saw 5 of its levels.
You also visited: Sewer.

You collected 172 gold pieces.

Inventory:

Hand Weapons
 a - a +1 dagger of venom
   (You took it off a goblin on level 2 of the Dungeon)
 b - a +0 hunting sling (weapon)
   (You found it on level 1 of the Dungeon)
Missiles
 g - 174 stones (quivered)
Armour
 y - a +1 robe (worn)
   (You found it on level 4 of the Dungeon)
Scrolls
 i - 4 scrolls of identify
 k - a scroll of random uselessness
 o - 3 scrolls of remove curse
 s - 2 scrolls of teleportation
Potions
 f - a potion of agility {unknown}
 h - 5 potions of heal wounds
 m - a potion of degeneration {!q}
 n - a potion of mutation {unknown}
 p - a potion of berserk rage {unknown}
 q - 2 potions of curing
 r - a potion of might {unknown}
 v - a potion of flight
 x - a potion of resistance {unknown}
 z - a potion of magic
Books
 c - a book of Maledictions
Comestibles
 d - 4 bread rations


   Skills:
 + Level 4.9 Short Blades
 - Level 3.0 Dodging
 - Level 7.3 Stealth
 + Level 4.2 Spellcasting
 + Level 6.4 Hexes


You had 5 spell levels left.
You knew the following spells:

 Your Spells              Type           Power        Failure   Level  Hunger
a - Ensorcelled Hibernat  Hex/Ice        ###...       6%          2    ##.....
b - Corona                Hex            ####...      1%          1    None
c - Confuse               Hex            ####....     3%          3    ###....
d - Dazzling Spray        Conj/Hex       ###...       12%         3    ###....


Dungeon Overview and Level Annotations

Branches:
Dungeon (5/15)
 Temple: D:4-7

Altars:


Innate Abilities, Weirdness & Mutations

You are very small and have problems with some larger weapons.
You are too small for most types of armour.
You have supernaturally acute eyesight. (SInv)
You are a herbivore.
You cover ground extremely quickly.
You need consume almost no food.


Message History

You smell the scent of fear.
It was a scroll of random uselessness.
As you read the scroll labeled ANAANNIEHE, it crumbles to dust.
The scroll dissolves into smoke.
It was a scroll of fog.
As you read the scroll labeled DOTAER CEHYN, it crumbles to dust.
You hear a loud clanging noise!
It was a scroll of noise.
You hear a howl!
You hear a shout!
As you read the scroll labeled NUSIOTZU NENA, it crumbles to dust.
It is a scroll of enchant armour.
Your +0 robe glows green for a moment.
As you read the scroll labeled SOFFAI LEB OGU, it crumbles to dust.
The air around you briefly surges with heat, but it dissipates.
It was a scroll of immolation.
As you read the scroll labeled VIUDGH JYOLYKE, it crumbles to dust.
You feel aware of your surroundings.
It was a scroll of magic mapping.
As you read the scroll labeled WYDWIU UNIB, it crumbles to dust.
You feel strangely unstable.
It was a scroll of teleportation.
There is a stone staircase leading up here.
You climb upwards.
Your surroundings suddenly seem different.
There is a stone staircase leading down here.
You climb downwards.
An adder and a zombie come into view.
The killer bee zombie hits you. x2
There is a stone staircase leading up here.
You closely miss the killer bee zombie.
The killer bee zombie completely misses you.
The killer bee zombie hits you.
The killer bee zombie barely misses you.
You climb upwards.
There is a stone staircase leading down here.
You start resting.
There is an open door here.
There is an open door here.
A centaur skeleton comes into view.
The centaur skeleton hits you.
You hit the centaur skeleton. The centaur skeleton misses you.
Casting: Ensorcelled Hibernation
Confirm with . or Enter, or press ? or * to list all spells.
Aiming: Confuse
Press: ? - help, Shift-Dir - straight line, f - centaur skeleton
Aim: a centaur skeleton (lightly damaged, chance to defeat MR: 68%)
The centaur skeleton struggles to resist.
The centaur skeleton hits you.
Casting: Confuse
Confirm with . or Enter, or press ? or * to list all spells.
Aiming: Confuse
Press: ? - help, Shift-Dir - straight line, f/p - centaur skeleton
Aim: a centaur skeleton (lightly damaged, chance to defeat MR: 68%)
The centaur skeleton appears confused.
You hit the centaur skeleton.
You are feeling hungry.
Things that are here:
a tomahawk; a dagger You strike the helpless centaur skeleton from behind!
You impale the centaur skeleton!!
You catch the helpless centaur skeleton completely off-guard!
You impale the centaur skeleton!!
You destroy the centaur skeleton!
You start resting.
An ogre comes into view. It is wielding a giant club.
Your +1 dagger of venom stops dripping with poison.
b - a +0 hunting sling (weapon)
Firing (i - inventory):
g - 181 stones (quivered)
Press: ? - help, Shift-Dir - straight line, f - ogre
Aim: an ogre, wielding a giant club (hasn't noticed you)
You shoot a stone. The stone barely misses the ogre.
Firing (i - inventory):
g - 180 stones (quivered)
Press: ? - help, Shift-Dir - straight line, f/p - ogre
Aim: an ogre, wielding a giant club You shoot a stone.
The stone barely misses the ogre.
Firing (i - inventory):
g - 179 stones (quivered)
Press: ? - help, Shift-Dir - straight line, f/p - ogre
Aim: an ogre, wielding a giant club You shoot a stone.
The stone hits the ogre but does no damage.
Firing (i - inventory):
g - 178 stones (quivered)
Press: ? - help, Shift-Dir - straight line, f/p - ogre
Aim: an ogre, wielding a giant club You shoot a stone.
The stone barely misses the ogre.
The ogre misses you.
Your +1 dagger of venom begins to drip with poison!
a - a +1 dagger of venom (weapon)
You hit the ogre.
The ogre is poisoned.
The ogre hits you with a giant club!
Your +1 dagger of venom stops dripping with poison.
b - a +0 hunting sling (weapon)
Firing (i - inventory):
g - 177 stones (quivered)
Press: ? - help, Shift-Dir - straight line, f/p - ogre
Aim: an ogre, wielding a giant club (lightly wounded, poisoned)
You shoot a stone. The stone hits the ogre.
Firing (i - inventory):
g - 176 stones (quivered)
Press: ? - help, Shift-Dir - straight line, f/p - ogre
Aim: an ogre, wielding a giant club (lightly wounded, poisoned)
You shoot a stone. The stone hits the ogre.
Firing (i - inventory):
g - 175 stones (quivered)
Press: ? - help, Shift-Dir - straight line, f/p - ogre
Aim: an ogre, wielding a giant club (moderately wounded, poisoned)
You shoot a stone. The stone barely misses the ogre.
The ogre hits you with a giant club!!
Ouch! That really hurt!
You die...

.....#+#'#+##....# #..##.......
.................# #..##.......
.................# #..##.(...##
.................# #..##.(...#
.................# #..##(....#
.................# #.........##
.............)...# #.>(......'.
.................#####.........##
###....)........@O((...(.......#.
#....................[##.....#.
############....((.(..##.....#.
###.######.########. #.#
#.########. #.# #.#........ #.#
#.###.##### #.# #..[..# # #.#
####### #


You could see an ogre.

Vanquished Creatures
  The ghost of Darkell the Slasher, an amateur TeGl (Sewer)
  A big kobold (Sewer)
  A scorpion (D:4)
  A centaur skeleton (D:4)
  2 orc priests (D:4)
  A hound (D:4)
  A bullfrog skeleton (D:4)
  An iguana (D:4)
  2 worker ants (D:4)
  Natasha (twice) (D:3)
  A hound skeleton (D:4)
  5 adders
  3 river rats (Sewer)
  An ooze (D:3)
  3 worms
  A dart slug (D:3)
  7 leopard geckos
  8 orcs
  2 giant cockroaches
  9 goblins
  8 hobgoblins
  4 jackals
  8 kobolds
  A quokka (D:2)
  2 ball pythons
  3 bats
  4 frilled lizards
  A jackal skeleton (D:4)
  9 rats
93 creatures vanquished.

Notes
Turn   | Place    | Note
-------+----------+-------------------------------------------
     0 | D:1      | RKaid the Spriggan Enchanter began the quest for the Orb.
     0 | D:1      | Reached XP level 1. HP: 9/9 MP: 5/5
   137 | D:1      | HP: 2/9 [kobold/short sword (2)]
   418 | D:1      | HP: 2/9 [leopard gecko (3)]
   789 | D:1      | HP: 2/9 [jackal (3)]
   790 | D:1      | Reached XP level 2. HP: 3/13 MP: 4/6
  1101 | D:1      | Reached skill level 4 in Hexes
  1315 | D:1      | Reached skill level 5 in Stealth
  1383 | D:1      | Learned a level 2 spell: Ensorcelled Hibernation
  1772 | D:1      | Reached XP level 3. HP: 16/16 MP: 8/8
  2435 | D:2      | Reached skill level 2 in Short Blades
  2977 | D:2      | Reached XP level 4. HP: 19/21 MP: 6/9
  3385 | D:3      | Found a glowing drain.
  3411 | D:3      | Reached skill level 6 in Stealth
  3435 | Sewer    | Entered a sewer
  3622 | Sewer    | Noticed Darkell's ghost (amateur TeGl)
  3650 | Sewer    | Learned a level 3 spell: Confuse
  3682 | Sewer    | Noticed a big kobold
  3872 | Sewer    | Killed a big kobold
  3872 | Sewer    | Reached skill level 3 in Short Blades
  3872 | Sewer    | Reached skill level 5 in Hexes
  3872 | Sewer    | Reached XP level 5. HP: 24/24 MP: 4/10
  3884 | Sewer    | Killed Darkell's ghost
  3884 | Sewer    | Reached skill level 7 in Stealth
  3996 | Sewer    | Found a white marble altar of Elyvilon.
  4098 | D:3      | Learned a level 3 spell: Dazzling Spray
  4209 | D:3      | Noticed Natasha
  4216 | D:3      | Killed Natasha
  4216 | D:3      | Reached XP level 6. HP: 24/28 MP: 8/11
  4230 | D:3      | Noticed Natasha
  4245 | D:3      | Killed Natasha
  4245 | D:3      | Reached skill level 4 in Short Blades
  5019 | D:4      | Reached skill level 3 in Spellcasting
  5038 | D:4      | HP: 7/28 [poisoned by a worker ant]
  5046 | D:4      | HP: 6/28 [poisoned by a worker ant]
  5524 | D:4      | Reached skill level 6 in Hexes
  5941 | D:4      | Reached XP level 7. HP: 32/32 MP: 13/13
  6679 | D:4      | Reached skill level 4 in Spellcasting
  6727 | D:5      | Entered Level 5 of the Dungeon
  7009 | D:4      | Mangled by an ogre

Skill      XL: |  1  2  3  4  5  6  7 |
---------------+----------------------+-----
Hexes          | 4 5 6 |  6.4
Stealth        | 5 6 7 |  7.3
Short Blades   | 2 3 4 |  4.9
Spellcasting   | 3 4 |  4.2
Dodging        | |  3.0

Action                   |  1- 3 |  4- 6 |  7- 9 || total
-------------------------+-------+-------+-------++-------
Melee: Dagger            |   149 |   125 |    27 ||   301
 Fire: Hunting sling     |    42 |    40 |    11 ||    93
Throw: Stone             |     7 |       |       ||     7
 Cast: Corona            |    11 |       |       ||    11
       Ensorcelled Hiber |     8 |    15 |     1 ||    24
       Confuse           |       |     5 |     2 ||     7
  Use: Potion            |     1 |     1 |       ||     2
       Scroll            |       |       |    11 ||    11
 Stab: Sleeping          |    10 |    15 |     2 ||    27
       Confused          |       |     2 |     2 ||     4
       Distracted        |       |     1 |       ||     1
  Eat: Fruit             |       |     4 |     1 ||     5
Armor: Robe              |    11 |     8 |     3 ||    22
Dodge: Dodged            |   136 |    76 |    20 ||   232

Table legend:
 A = Turns spent in this place as a percentage of turns spent in the entire game.
 B = Non-inter-level travel turns spent in this place as a percentage of non-inter-level travel turns spent in the entire game.
 C = Inter-level travel turns spent in this place as a percentage of turns spent in this place.
 D = Turns resting spent in this place as a percentage of non-inter-level travel turns spent in this place.
 E = Turns spent auto-exploring this place as a percentage of non-inter-level travel turns spent in this place.
 F = Non-inter-level travel turns spent in this place divided by the number of levels of this place that you've seen.
                   A       B       C       D       E      F
               +-------+-------+-------+-------+-------+----------------------
         Total | 100.0 | 100.0 |   0.3 |   4.1 |   5.9 | 306.7
       Dungeon |  81.9 |  81.8 |   0.3 |   4.7 |   6.8 | 301.2
         Sewer |  18.1 |  18.2 |   0.0 |   1.2 |   1.5 | 334.0
               +-------+-------+-------+-------+-------+----------------------

Table legend:
 A = Kills in this place as a percentage of kills in entire the game.
 B = Kills by you in this place as a percentage of kills by you in the entire game.
 C = Kills by friends in this place as a percentage of kills by friends in the entire game.
 D = Other kills in this place as a percentage of other kills in the entire game.
 E = Experience gained in this place as a percentage of experience gained in the entire game.
 F = Experience gained in this place divided by the number of levels of this place that you have seen.
                   A       B       C       D       E      F
               +-------+-------+-------+-------+-------+----------------------
         Total | 100.0 | 100.0 |  -nan | 100.0 | 100.0 | 150.8
       Dungeon |  89.2 |  90.2 |  -nan |   0.0 |  74.7 | 135.2
         Sewer |  10.8 |   9.8 |  -nan | 100.0 |  25.3 | 229.0
               +-------+-------+-------+-------+-------+----------------------
